 Dungeon Crawl Stone Soup version 0.25-a0-285-gcba6f66 (webtiles) character file.

Game seed: 11842000718688266513, levelgen mode: deterministic

157 Daniru the Ruffian (level 5, 0/53 HPs)
             Began as a Troll Monk on Dec 11, 2019.
             Was a Believer of Cheibriados.
             Slain by Grinder (4 damage)
             ... while paralysed by Grinder
             ... on level 3 of the Dungeon.
             The game lasted 00:11:55 (2035 turns).

Daniru the Ruffian (Troll Monk)                     Turns: 2035, Time: 00:11:55

Health: 0/53       AC:  6    Str: 25    XL:     5   Next: 15%
Magic:  4/4        EV:  1    Int: 12    God:    Cheibriados [**....]
Gold:   55         SH:  0    Dex: 19    Spells: 4/4 levels left

rFire    . . .     SeeInvis .     - Unarmed
rCold    . . .     Gourm    +   (no shield)
rNeg     . . .     Faith    .   a - +0 robe
rPois    .         Spirit   .   (helmet restricted)
rElec    .         Reflect  .   (no cloak)
rCorr    .         Harm     .   (gloves unavailable)
MR       .....                  (boots unavailable)
Stlth    ++........             h - amulet of inaccuracy (curse)
HPRegen  0.57/turn              (no ring)
MPRegen  0.09/turn              (no ring)

@: paralysed, very slow
A: large, unfitting armour, claws 3, fast metabolism 3, gourmand, regeneration
1, shaggy fur 1, tough skin 3
a: Bend Time, Renounce Religion


You were on level 3 of the Dungeon.
You worshipped Cheibriados.
Cheibriados was pleased with you.
You were completely stuffed.

You visited 1 branch of the dungeon, and saw 3 of its levels.

You collected 55 gold pieces.

Inventory:

Missiles
 d - 86 stones (quivered)
 p - 5 javelins
Armour
 a - a +0 robe (worn)
Jewellery
 h - a cursed amulet of inaccuracy (around neck)
Scrolls
 g - a scroll of teleportation {unknown}
 j - a scroll of remove curse {unknown}
 q - a scroll of magic mapping {unknown}
Potions
 c - a potion of lignification {unknown}
 e - a potion of curing {unknown}
 f - a potion of magic {unknown}
 i - a potion of flight {unknown}
 k - a potion of brilliance {unknown}
 l - a potion of degeneration {unknown}
 m - a potion of cancellation {unknown}
 n - a potion of might {unknown}
Comestibles
 b - 5 rations
 o - 7 chunks of flesh


   Skills:
 + Level 3.2 Fighting
 + Level 3.2 Dodging
 + Level 1.8 Stealth
 + Level 3.9 Unarmed Combat


You had 4 spell levels left.
You didn't know any spells.
Your spell library was empty.

Dungeon Overview and Level Annotations

Branches:
Dungeon (3/15)

Altars:
Cheibriados
Dithmenos

Annotations:
D:3 Grinder, Terence


Innate Abilities, Weirdness & Mutations

You are too large for most types of armour.
You have claws for hands.
Your metabolism is lightning-fast.
You like to eat raw meat.
Your natural rate of healing is unusually fast.
You are covered in fur. (AC +1)
You have extremely tough skin. (AC +3)


Message History

Some of the chunks of flesh in your inventory have rotted away.
Grinder blinks!
Grinder says, "My boss said I was rubbish.
His entrails said otherwise."
Grinder gestures at you. Pain shoots through your body! Grinder hits you!
You writhe in agony.
Grinder gestures at you.
You suddenly lose the ability to move!
Grinder hits you!
* * * LOW HITPOINT WARNING * * *
You writhe in agony.
* * * LOW HITPOINT WARNING * * *
Grinder hits you!
* * * LOW HITPOINT WARNING * * *
You writhe in agony.
* * * LOW HITPOINT WARNING * * *
Grinder hits you!
* * * LOW HITPOINT WARNING * * *
You writhe in agony.
You die...

#### ... #.# # #.#####
##. ##..#..## ########
#...#..♣.♣♣.###.......
#...5@♣♣.♣....'.......
#..♣♣..♣♣♣♣♣♣##.......
#. ♣♣♣♣.♣..♣.#.......
# ♣.♣♣.♣♣..#.......
♣.♣♣♣.♣♣..#####)#
♣♣).♣♣.♣...# #.#
♣_.♣.♣.♣.♣.# #.#
♣.♣♣♣.♣♣...# #.#
♣♣.♣♣♣♣♣.♣.# #.#


You could see Grinder.

Vanquished Creatures
  Robin (D:2)
  6 adders (D:2)
  3 worms
  3 dart slugs (D:1)
  3 leopard geckos
  An orc (D:2)
  2 giant cockroaches (D:3)
  12 goblins
  11 hobgoblins
  3 jackals (D:3)
  A ball python (D:2)
  7 bats
  6 frilled lizards
  6 kobolds
  9 rats
74 creatures vanquished.

Notes
Turn   | Place    | Note
-------+----------+-------------------------------------------
     0 | D:1      | Daniru the Troll Monk began the quest for the Orb.
     0 | D:1      | Reached XP level 1. HP: 22/22 MP: 0/0
    81 | D:1      | Reached XP level 2. HP: 26/29 MP: 1/1
   545 | D:2      | Reached XP level 3. HP: 36/36 MP: 2/2
   879 | D:2      | Reached XP level 4. HP: 41/44 MP: 3/3
  1373 | D:2      | Noticed Robin
  1391 | D:2      | Killed Robin
  1651 | D:3      | Noticed Terence
  1750 | D:3      | Reached XP level 5. HP: 49/53 MP: 4/4
  1858 | D:3      | Found a shadowy altar of Dithmenos.
  1991 | D:3      | Found a faded altar of an unknown god.
  2000 | D:3      | Became a worshipper of Cheibriados the Contemplative
  2000 | D:3      | Reached * piety under Cheibriados
  2000 | D:3      | Reached ** piety under Cheibriados
  2028 | D:3      | Noticed Grinder
  2032 | D:3      | Paralysed by Grinder for 5 turns
  2035 | D:3      | Slain by Grinder

Levels and vault maps discovered:
D:1:      nicolae_arrival_memento_mori, layout_rooms, minivault_19
D:2:      layout_basic, minmay_increasing_density, uniq_robin
D:3:      layout_basic, lemuel_coloured_pillars_altar,
          chequers_ecumenical_altar_grove, uniq_sigmund, uniq_grinder,
          uniq_terence

Skill      XL: |  1  2  3  4 |
---------------+-------------+-----
Dodging        | 3 |  3.2
Fighting       | 3 |  3.2
Stealth        | |  1.8
Unarmed Combat | |  3.9

Action                   |  1- 3 |  4- 6 || total
-------------------------+-------+-------++-------
Melee: Unarmed           |    84 |   149 ||   233
       Punch             |       |     2 ||     2
Throw: Stone             |    47 |    47 ||    94
  Eat: Chunk             |    14 |    10 ||    24
Armor: Robe              |    41 |    60 ||   101
Dodge: Dodged            |    46 |    73 ||   119

Table legend:
 A = Non-vault XP
 B = Vault XP
 C = Vault XP percentage of total XP
 D = Non-vault monster count
 E = Vault monster count
 F = Vault count percentage of total count
                 A         B        C        D         E       F
            +---------+---------+-------+---------+---------+-------
      Total |     156 |      69 |  30.7 |      57 |      17 |  23.0
            +---------+---------+-------+---------+---------+-------
        D:1 |      36 |       0 |   0.0 |      21 |       0 |   0.0
        D:2 |      86 |      69 |  44.5 |      19 |      17 |  47.2
        D:3 |      34 |       0 |   0.0 |      17 |       0 |   0.0
            +---------+---------+-------+---------+---------+-------
